 Dungeon Crawl Stone Soup version 0.20.1-1-g8b1a95d (webtiles) character file.

132 Irenicus the Insei (level 5, -2/36 HPs)
             Began as an Octopode Chaos Knight on Oct 13, 2017.
             Splashed by a jelly's acid (10 damage)
             ... on level 2 of the Dungeon.
             The game lasted 00:04:32 (1367 turns).

Irenicus the Insei (Octopode Chaos Knight)          Turns: 1367, Time: 00:04:34

Health: -2/36      AC: -3    Str: 14    XL:     5   Next: 15%
Magic:  5/5        EV: 13    Int: 14    God:    Xom [....*.]
Gold:   174        SH:  0    Dex: 13    Spells: 4/4 levels left

rFire    . . .     SeeInvis +     - Unarmed
rCold    . . .     Gourm    .   (no shield)
rNeg     . . .     Faith    .   (helmet restricted)
rPois    .         Spirit   .   (no amulet)
rElec    .         Reflect  .   l - +3 ring of strength
rCorr    .         Harm     .   o - ring of see invisible (curse)
MR       .....     Rnd*Tele +   r - ring of teleportation (curse)
Stlth    +++.......             (no ring)
Regen    0.2/turn               (no ring)
MPRegen  0.1/turn               (no ring)
                                (no ring)
                                (no ring)

@: corroded, drained
A: almost no armour, stealthy swim, amphibious, 8 rings, constrict 8, beak,
camouflage 1, gelatinous body 1
a: Renounce Religion


You were on level 2 of the Dungeon.
You worshipped Xom.
You were a beloved toy of Xom.
You were not hungry.

You visited 1 branch of the dungeon, and saw 2 of its levels.

You collected 174 gold pieces.

Inventory:

Jewellery
 c - an uncursed amulet of harm
 l - a +3 ring of strength (left tentacle)
 o - a cursed ring of see invisible (right tentacle)
 r - a cursed ring of teleportation (on tentacle)
Scrolls
 b - a scroll of fog {unknown}
 d - a scroll of enchant armour {unknown}
 e - a scroll of identify {unknown}
 g - a scroll of magic mapping {unknown}
 h - a scroll of immolation {unknown}
 i - a scroll of recharging {unknown}
 k - a scroll of amnesia {unknown}
 n - a scroll of remove curse {unknown}
Potions
 m - a potion of cancellation {unknown}
 p - a potion of agility {unknown}
Comestibles
 a - 2 bread rations
 f - a meat ration
 j - 3 fruits


   Skills:
 - Level 3.0(2.4) Fighting
 - Level 2.4(1.8) Dodging
 + Level 2.7(2.1) Stealth
 + Level 5.2(4.5) Unarmed Combat


You had 4 spell levels left.
You didn't know any spells.

Dungeon Overview and Level Annotations

Branches:
Dungeon (2/15)

Altars:
Ashenzari
Xom


Innate Abilities, Weirdness & Mutations

You cannot wear most types of armour.
You are very stealthy in the water. (Stealth+)
You are amphibious.
You can wear up to eight rings at the same time.
You can use your tentacles to constrict eight enemies at once.
Your skin changes colour to match your surroundings (Stealth+).
Your rubbery body absorbs attacks. (AC +1, EV +1)
You have a beak for a mouth.


Message History

The ooze quivers.
You are feeling hungry.
There is an open door here.
You close the door.
You start resting.
Eating a chunk of flesh.
You eat the chunk of flesh.
This raw flesh tastes terrible.
You hear a slurping noise.
The jelly eats the door!
You tentacle-slap the jelly.
Your tentacles burn!
Your squeeze misses the jelly.
The jelly is lightly wounded.
The jelly misses you.
You tentacle-slap the jelly.
Your tentacles burn!
* * * LOW HITPOINT WARNING * * *
The jelly is lightly wounded.
The jelly hits you.
* * * LOW HITPOINT WARNING * * *
The acid corrodes you!
You are splashed with acid!
The acid burns!
You die...
Xom chuckles heartily!

####...........>.....####.......#
####.................._..........
##..............#############...#
...#......########## #....
.........#########.##.....)##....
.###.....###....#.#.#.....÷##..(.
...##....##.(.).#J#.#...JJ.##....
...###...'......#J#J#...P..##....
....###..'......@.#)#JJJ...######
..#.....('........#J#P.PJ..#
#.(.##..(##.......#.#....÷.#
###....))###......##'.P.P.P#
#.####(############.÷....# ###
#..####### #######
##.÷.....##############
######...............#
############....#


You could see a jelly and an ooze.

Vanquished Creatures
  A jelly (D:2)
  A gnoll (D:1)
  8 oozes
  4 dart slugs
  A leopard gecko (D:1)
  3 giant cockroaches
  4 goblins
  5 hobgoblins
  8 kobolds (D:2)
  3 quokkas (D:2)
  A ball python (D:2)
  2 bats (D:1)
  4 frilled lizards
  7 rats
52 creatures vanquished.

Vanquished Creatures (others)
  6 fungi (D:2)
  7 toadstools (D:2)
13 creatures vanquished.

Grand Total: 65 creatures vanquished

Notes
Turn   | Place    | Note
-------+----------+-------------------------------------------
     0 | D:1      | Irenicus the Octopode Chaos Knight began the quest for the Orb.
     0 | D:1      | Reached XP level 1. HP: 16/16 MP: 1/1
    11 | D:1      | You fall through a shaft!
    81 | D:2      | XOM: divination: detect creatures
   116 | D:2      | Reached XP level 2. HP: 15/21 MP: 2/2
   379 | D:2      | XOM: potion effect (might)
   380 | D:2      | Reached skill level 4 in Unarmed Combat
   380 | D:2      | Reached XP level 3. HP: 7/26 MP: 3/3
   682 | D:1      | XOM: divination: detect items
   775 | D:1      | Reached skill level 1 in Stealth
   919 | D:1      | XOM: give mutation
   919 | D:1      | Gained mutation: You have a beak for a mouth. [Xom's grace]
  1065 | D:1      | XOM: potion effect (agility)
  1077 | D:1      | Reached XP level 4. HP: 31/31 MP: 4/4
  1246 | D:2      | Found a shattered altar of Ashenzari.
  1279 | D:2      | XOM: scenery: create altars
  1282 | D:2      | Reached skill level 5 in Unarmed Combat
  1319 | D:2      | Reached XP level 5. HP: 20/36 MP: 5/5
  1367 | D:2      | Splashed by a jelly's acid

Skill      XL: |  1  2  3  4 |
---------------+-------------+-----
Unarmed Combat | 4 5 |  5.2
Stealth        | 1 2 |  2.7
Fighting       | |  3.0
Dodging        | |  2.4

Action                   |  1- 3 |  4- 6 || total
-------------------------+-------+-------++-------
Melee: Unarmed           |    80 |    33 ||   113
       Constrict         |    22 |     2 ||    24
       Tentacles         |    14 |     6 ||    20
       Peck              |     4 |    10 ||    14
       Punch             |       |     1 ||     1
 Stab: Sleeping          |     2 |     1 ||     3
  Eat: Chunk             |       |     2 ||     2
Armor: Skin              |     3 |       ||     3
Dodge: Dodged            |    52 |    15 ||    67
